AoeStats
← BichiArana

Arena

510276966Analyzed
1v1 RM · 6h ago on Sep 30, 2026· 40m 9s· 2 players
Game mode
Random Map
Map size
Tiny (2 player)
Population
200
Speed
Normal
Resources
Standard
Victory
Conquest
Starting age
Dark Age
Ending age
Imperial Age
RankedLock teamsTeams togetherTeam positionsShared explorationLock speedFull tech treeHidden civsTurbo modeCheats
Victory
Defeat
🇧🇷 Romans · Brazil
427
+3
🇪🇸 Romans · Spain
15
-3
BichiArana
1:15 Loom
12:37 Feudal Age
17:36 Double-Bit Axe
20:05 Wheelbarrow
19:17 Town Watch
25:19 Castle Age
23:54 Fletching
28:31 Hand Cart
29:46 Guard Tower
29:56 Horse Collar
35:38 Gold Mining
38:53 Imperial Age
36:46 Stone Mining
37:45 Bow Saw
39:29 Town Patrol
LuanzeraBrabo
10:29 Feudal Age
11:49 Double-Bit Axe
12:59 Horse Collar
14:48 Wheelbarrow
22:46 Castle Age
25:13 Bow Saw
28:25 Heavy Plow
28:49 Squires
30:19 Man-at-Arms
32:07 Light Cavalry
35:42 Gold Mining
35:47 Stone Mining
41:22 Imperial Age
39:39 Hand Cart
39:11 Loom
Connection lost

Rejoining the realm…

Still unreachable

The connection could not be restored.

Session expired

The server has moved on; the page needs a fresh start.